 Dungeon Crawl Stone Soup version 0.22-a0-348-gd16d139 (webtiles) character file.

13 Kairos the Shield-Bearer (level 2, 24/24 HPs)
             Began as a Formicid Fighter on Apr 7, 2018.
             Got out of the dungeon alive.
             The game lasted 00:00:36 (812 turns).

Kairos the Shield-Bearer (Formicid Fighter)          Turns: 812, Time: 00:00:36

Health: 24/24      AC:  6    Str: 20    XL:     2   Next: 50%
Magic:  2/2        EV:  7    Int:  7    God:
Gold:   35         SH:  9    Dex: 10    Spells: 1/1 levels left

rFire    . . .     SeeInvis +   a - +0 war axe
rCold    . . .     Gourm    .   c - +0 shield
rNeg     . . .     Faith    .   b - +0 scale mail
rPois    .         Spirit   .   (helmet unavailable)
rElec    .         Reflect  .   (no cloak)
rCorr    +         Harm     .   (no gloves)
MR       .....                  (no boots)
Stlth    ..........             (no amulet)
HPRegen  0.08/turn              k - ring of resist corrosion
MPRegen  0.08/turn              (no ring)

@: no status effects
A: permanent stasis, dig shafts and tunnels, four strong arms, antennae 3
a: Dig, Shaft Self


You escaped.
You were not hungry.

You visited 1 branch of the dungeon, and saw 1 of its levels.

You collected 35 gold pieces.

Inventory:

Hand Weapons
 a - a +0 war axe (weapon)
 g - a +0 whip of venom
Armour
 b - a +0 scale mail (worn)
 c - a +0 shield (worn)
Jewellery
 k - a ring of resist corrosion (left hand)
Scrolls
 e - a scroll of identify {unknown}
 i - a scroll of magic mapping {unknown}
 j - a scroll of teleportation {unknown}
 l - 3 scrolls of enchant weapon {unknown}
Potions
 d - 2 potions of might
 h - a potion of invisibility {unknown}
Comestibles
 f - 3 rations


   Skills:
 + Level 3.4 Fighting
 + Level 2.2 Axes
 + Level 3.5 Armour
 + Level 3.9 Shields


You had one spell level left.
You didn't know any spells.

Dungeon Overview and Level Annotations

Branches:
Dungeon (1/15)

Altars:


Innate Abilities, Weirdness & Mutations

You cannot be hasted, slowed, berserked, paralysed or teleported.
You can dig through walls and to a lower floor.
Your four strong arms can wield two-handed weapons with a shield.
You have a pair of large antennae on your head. (SInv)


Message History

You slash the worm!
You kill the worm!
No target in view!
No target in view!
There is a stone staircase leading down here.
There is a stone staircase leading down here.
You see here a ring mail.
Found a pair of gloves.
You see here a centaur barding.
You see here a centaur barding.
There is a stone staircase leading down here.
Done exploring.
Done exploring.
k - a ring of resist corrosion (left hand) Done exploring.
Done exploring.
There is a stone staircase leading down here.
There is a staircase leading out of the dungeon here.
Are you sure you want to leave the Dungeon?
This will make you lose the game!
You have escaped!

##.....## #.# #.# #.#
#.# ##...## #.# #.# #.#
#.# ##.## #.# #.###.#
#.# #.# #######.≈.## #.#
#.#########..###.>≈# #.#
#....##..####.##§..# #.#
#.##...###...###.(≈# #.#
#.#####.#.######≈.≈# #.#
#[# ##.§#.#@...#### #.#
####.####.#≈#.#....####
#.##
#.......#..#.##..##...#
#..#
#.##.#####.##.#..#.##.#
##.# #.##.#
###.#.###.##..# #.#
#.##.# #.#.#..###.#.≈#
#.#
#.##.####.#.##.##.##.##
#.#
##.##...###.#.[##..#...#
#.#
..†.###.#######..#≈#..##
#.#


There were no monsters in sight!

Vanquished Creatures
  A worm (D:1)
  A bat (D:1)
  3 giant cockroaches (D:1)
  A ball python (D:1)
  A goblin (D:1)
  4 rats (D:1)
11 creatures vanquished.

Notes
Turn   | Place    | Note
-------+----------+-------------------------------------------
     0 | D:1      | Kairos the Formicid Fighter began the quest for the Orb.
     0 | D:1      | Reached XP level 1. HP: 18/18 MP: 1/1
   253 | D:1      | Reached XP level 2. HP: 24/24 MP: 2/2
   812 | D:$      | Got out of the dungeon alive.

Vault maps used:
D:1:      dpeg_arrival_brainrot

Action                   || total
-------------------------++-------
Melee: War axe           ||    29
Armor: Scale mail        ||    11
Dodge: Dodged            ||     8
Block: Shield            ||    15

Table legend:
 A = Spawn XP
 B = Non-spawn XP
 C = Spawn XP percentage of total XP
 D = Spawn monster count
 E = Non-spawn monster count
 F = Spawn count percentage of total count
 G = Total turns spent on level
                    A         B        C        D         E        F      G
               +---------+---------+-------+---------+---------+-------+---------
         Total |       0 |      19 |   0.0 |       0 |      11 |   0.0 |   812
               +---------+---------+-------+---------+---------+-------+---------
           D:1 |       0 |      19 |   0.0 |       0 |      11 |   0.0 |   812
               +---------+---------+-------+---------+---------+-------+---------
